 Dungeon Crawl Stone Soup version 0.31-a0-868-g674d60d6f7 (webtiles) character file.

Game seed: 5705041759802200218

2 tizbic2 the Insei (level 1, 0/9 HPs)
             Began as a Vampire Shapeshifter on Oct 11, 2023.
             Slain by an endoplasm (2 damage)
             ... on level 1 of the Dungeon.
             The game lasted 00:01:16 (103 turns).

tizbic2 the Insei (Vampire Shapeshifter)             Turns: 103, Time: 00:01:17

Health: 0/9        AC:  2    Str: 13    XL:     1   Next: 33%
Magic:  1/1        EV: 12    Int: 12    God:
Gold:   18         SH:  0    Dex: 13    Spells: 0/0 levels left

rFire   . .          .
                       - Unarmed
rCold   . . .        (shield currently unavailable)
rNeg    . . .        a - +0 animal skin
rPois   .            (no helmet)
rElec   .            (no cloak)
rCorr   .            (no gloves)
SInv    +            (no boots)
Will    .....        (no amulet)
Stlth   +            (no ring)
HPRegen 0.41/turn    (no ring)
MPRegen 0.07/turn

%: no passive effects
@: flux-form, healing quickly, glowing, very slow
A: glow, contaminating, reduced hp, alive, fangs 3, see invisible, vampiric 1
a: Exsanguinate, Begin Untransformation


You were on level 1 of the Dungeon.
You were something dangerously unstable.
You visited 1 branch of the dungeon, and saw 1 of its levels.

You collected 18 gold pieces.

Inventory:

Missiles
 e - 2 poisoned darts
Armour
 a - a +0 animal skin (worn)
Talismans
 c - a beast talisman
 d - a flux talisman (active)
Potions
 b - a potion of lignification


   Skills:
 + Level 1.0 Fighting
 + Level 2.2 Dodging
 + Level 3.3 Unarmed Combat
 + Level 3.3 Shapeshifting


You couldn't memorise any spells.
You didn't know any spells.
Your spell library was empty.

Dungeon Overview and Level Annotations

Branches:
Dungeon (1/15)

Altars:


Innate Abilities, Weirdness & Mutations

You are something dangerously unstable.
You glow with magical radiation, making you easy to see and hit.
Foes you strike become dangerously contaminated with magical radiation.
Your maximum health is decreased, since you lack skill for your form.
You are incapable of wielding weapons or throwing items.
Your natural rate of healing is accelerated.
You have razor-sharp teeth.
You have supernaturally acute eyesight. (SInv)
You are afflicted with vampirism.


Message History

You hit the quokka.
The quokka glows dangerously bright.
The quokka is moderately wounded.
The quokka barely misses you.
You hit the quokka but do no damage.
The quokka shudders as magic cascades through it!
You kill the quokka!
Your Fighting skill increases to level 1!
You swing at nothing.
HP restored.
Found a robe.
You see here a +0 robe.
You open the door.
There is an open door here.
You enter the shallow water.
Moving in this stuff is going to be slow.
Why would you want to do that?
You open the door.
There is an open door here.
A dart slug and an endoplasm come into view.
An endoplasm comes into view.
Found a stone staircase leading down.
The endoplasm quivers.
The endoplasm barely misses you. The endoplasm freezes you.
You are frozen.
The endoplasm attacks as it pursues you!
The endoplasm barely misses you.
You hit the endoplasm.
The endoplasm begins to glow.
You bite the endoplasm.
The endoplasm is severely wounded.
The endoplasm freezes you.
You are frozen.
The endoplasm freezes you.
You are frozen.
* * * LOW HITPOINT WARNING * * *
There is an open door here.
You enter the shallow water.
Moving in this stuff is going to be slow.
The endoplasm attacks as it pursues you!
The endoplasm hits you.
You die...

#......#..#
###.......#
#.###.#.# #.# .# #
### ## #.#######
#.. . . #..#≈≈~≈#
#.#.# ...
##[#≈~≈~###.#.#..##
#.'~≈~≈J.#........
###≈~≈p#.Jw.#
#≈≈~≈###.......#
###### ..#.....>
##.#.....# #.#
##.## #.# # #.# ...


You could see an endoplasm (contam).

Vanquished Creatures
  A bat (D:1)
  A quokka (D:1)
2 creatures vanquished.

Notes
Turn   | Place    | Note
-------+----------+-------------------------------------------
     0 | D:1      | tizbic2 the Vampire Shapeshifter began the quest for the
                  | Orb.
     0 | D:1      | Reached XP level 1. HP: 14/14 MP: 1/1
    58 | D:1      | Reached skill level 1 in Fighting
   103 | D:1      | Slain by an endoplasm

Illustrated notes

Levels and vault maps discovered:
D:1:      minmay_arrival_stone_box, layout_loops_ring,
          chequers_serial_rivers_room_b

Skill      XL: |  1 |
---------------+----+-----
Fighting       | 1 |  1.0
Dodging        | |  2.2
Unarmed Combat | |  3.3
Shapeshifting  | |  3.3

Action                     || total
---------------------------++-------
  Melee: Unarmed           ||    10
         Bite              ||     1
 Armour: Animal skin       ||     6
  Dodge: Dodged            ||     8
   Form: Flux              ||     1

Table legend: (Time is in decaauts)
 A = Elapsed time spent in this place.
 B = Non-inter-level travel time spent in this place.
 C = Inter-level travel time spent in this place.
 D = Time resting spent in this place.
 E = Time spent auto-exploring this place.
 F = Levels seen in this place.
 G = Mean time per level.
                   A        B        C        D        E       F      G
               +--------+--------+--------+--------+--------+-----+--------+
         Total |    104 |    104 |      0 |      0 |      0 |   1 |  104.0 |
       Dungeon |    104 |    104 |      0 |      0 |      0 |   1 |  104.0 |
               +--------+--------+--------+--------+--------+-----+--------+

Top non-repeatable levels by time:
     D:1: 104 daAuts
